 Dungeon Crawl Stone Soup version 0.28-a0-258-g8de209e91f (webtiles) character file.

Game seed: 1376703382475486823

14 aSlayers the Ruffian (level 2, -1/23 HPs)
             Began as a Draconian Transmuter on Aug 26, 2021.
             Slain by a kobold (5 damage)
             ... on level 2 of the Dungeon.
             The game lasted 00:02:21 (1042 turns).

aSlayers the Ruffian (Draconian Transmuter)         Turns: 1042, Time: 00:02:21

Health: -1/23      AC:  4    Str: 12    XL:     2   Next: 31%
Magic:  0/5        EV: 12    Int: 13    God:
Gold:   60         SH:  0    Dex: 11    Spells: 2/5 levels left

rFire   . . .      SeeInvis .     - Unarmed
rCold   . . .      Faith    .   (no shield)
rNeg    . . .      Spirit   .   (armour unavailable)
rPois   .          Reflect  .   (helmet currently unavailable)
rElec   .          Harm     .   (no cloak)
rCorr   .          Rampage  .   (no gloves)
Will    .....                   (boots currently unavailable)
Stlth   +.........              (no amulet)
HPRegen 0.07/turn               (no ring)
MPRegen 0.09/turn               (no ring)

@: appendages, wereblooded (expiring)
A: horns 2, talons 2, AC +4, unfitting armour, cold-blooded
a: End Transformation


You were on level 2 of the Dungeon.
You had temporarily grown beastly horns and talons.
You visited 1 branch of the dungeon, and saw 2 of its levels.

You collected 60 gold pieces.

Inventory:

Jewellery
 b - a +4 ring of slaying
Scrolls
 c - a scroll of enchant weapon
 d - a scroll of identify
 f - a scroll of teleportation {unknown}
Potions
 a - a potion of flight
 e - 4 potions of might {unknown}
 g - a potion of degeneration {unknown}


   Skills:
 + Level 1.1 Fighting
 + Level 2.0 Dodging
 + Level 3.4 Unarmed Combat
 + Level 2.1 Spellcasting
 + Level 2.0 Transmutations


You had 2 spell levels left.
You knew the following spells:

 Your Spells              Type           Power      Damage    Failure   Level
a - Beastly Appendage     Tmut           12%        N/A       11%         1
b - Wereblood             Tmut           6%         N/A       16%         2

Your spell library contained the following spells:

 Spells                   Type           Power      Damage    Failure   Level
 Spider Form              Tmut/Pois      2%         N/A       45%         3
 Ice Form                 Ice/Tmut       4%         N/A       86%         4


Dungeon Overview and Level Annotations

Branches:
Dungeon (2/15)

Altars:


Innate Abilities, Weirdness & Mutations

You have temporarily grown beastly horns and talons.
Your plain brown scales are hard. (AC +4)
You cannot fit into any form of body armour.
You are cold-blooded and may be slowed by cold attacks.


Message History

The kobold barely misses you. The rat barely misses you.
You hit the rat but do no damage. Your kick misses the rat.
The rat is heavily wounded.
The endoplasm closely misses you.
The kobold hits you with a +0 short sword.
The rat bites you but does no damage.
You completely miss the rat. Your headbutt misses the rat.
The rat is heavily wounded.
The endoplasm misses you. The kobold misses you. The rat barely misses you.
You closely miss the rat. Your kick misses the rat. You tail-slap the rat.
You feel a bit better.
You kill the rat!
The endoplasm barely misses you. The kobold closely misses you.
The endoplasm barely misses you. The kobold closely misses you.
The kobold hits you but does no damage.
You hit the endoplasm but do no damage. You claw the endoplasm.
You headbutt the endoplasm, but do no damage.
You tail-slap the endoplasm, but do no damage.
The endoplasm is lightly wounded.
The endoplasm hits you. The kobold barely misses you.
You hit the endoplasm.
The endoplasm is moderately wounded.
The endoplasm barely misses you.
The kobold hits you with a +0 short sword.
You punch the endoplasm!
You feel a bit better.
You kill the endoplasm!
Your horns disappear.
Your talons disappear.
The kobold closely misses you.
You howl as the wereblood boils in your veins!
The kobold hits you with a +0 short sword.
You howl as the wereblood boils in your veins!
Your primal bloodlust is almost over.
The kobold closely misses you.
The kobold hits you with a +0 short sword.
* * * LOW HITPOINT WARNING * * *
Casting: Beastly Appendage (safe; 11% risk of failure)
Confirm with . or Enter, or press ? or * to list all spells.
You grow a pair of large bovine horns.
Your feet morph into talons.
The kobold hits you with a +0 short sword.
You die...

#.)...<.#
#.......#
#.......#
##......#
#.......#
#.......#
#....K..###
#...@....#
##...###.#
###.# #...
#.# ###.#
#.# ..# #.#
..# #.# #.#
#.# .#


You could see a kobold.

Vanquished Creatures
  4 endoplasms
  A hobgoblin (D:1)
  3 jackals (D:1)
  A kobold (D:1)
  A ball python (D:1)
  2 rats
12 creatures vanquished.

Notes
Turn   | Place    | Note
-------+----------+-------------------------------------------
     0 | D:1      | aSlayers the Draconian Transmuter began the quest for the
                  | Orb.
     0 | D:1      | Reached XP level 1. HP: 16/16 MP: 3/3
   532 | D:1      | Reached XP level 2. HP: 19/23 MP: 3/5
   775 | D:1      | Learned a level 2 spell: Wereblood
  1042 | D:2      | Slain by a kobold

Illustrated notes

Levels and vault maps discovered:
D:1:      giann_horns, layout_basic, minmay_fountain_box
D:2:      layout_rooms, serial_undead, serial_undead_e, serial_undead_b,
          serial_undead_b, serial_undead_d, basic_altar

Skill      XL: |  1 |
---------------+----+-----
Dodging        | 2 |  2.0
Fighting       | |  1.1
Unarmed Combat | |  3.4
Spellcasting   | |  2.1
Transmutations | |  2.0

Action                   || total
-------------------------++-------
Melee: Unarmed           ||    42
       Tailslap          ||     6
       Kick              ||     6
       Headbutt          ||     2
 Cast: Beastly Appendage ||    11
       Wereblood         ||     2
  Use: Scroll            ||     2
Armor: Skin              ||    16
Dodge: Dodged            ||    51

Table legend: (Time is in decaauts)
 A = Elapsed time spent in this place.
 B = Non-inter-level travel time spent in this place.
 C = Inter-level travel time spent in this place.
 D = Time resting spent in this place.
 E = Time spent auto-exploring this place.
 F = Levels seen in this place.
 G = Mean time per level.
                   A        B        C        D        E       F      G
               +--------+--------+--------+--------+--------+-----+--------+
         Total |   1041 |   1041 |      0 |      0 |    850 |   2 |  520.5 |
       Dungeon |   1041 |   1041 |      0 |      0 |    850 |   2 |  520.5 |
               +--------+--------+--------+--------+--------+-----+--------+

Top non-repeatable levels by time:
     D:1: 1019 daAuts
     D:2: 22 daAuts
